 Dungeon Crawl Stone Soup version 0.19-a0-1051-gdb7e7f8 (webtiles) character file.

67 Jmtri7 the Chopper (level 4, 22/39 HPs)
             Began as a Hill Orc Fighter on Aug 1, 2016.
             Quit the game on level 2 of the Dungeon on Aug 2, 2016.
             The game lasted 00:05:27 (1085 turns).

Jmtri7 the Chopper (Hill Orc Fighter)               Turns: 1085, Time: 00:05:28

Health: 22/39      AC:  6    Str: 19    XL:     4   Next: 16%
Magic:  4/4        EV:  7    Int:  8    God:
Gold:   54         SH:  9    Dex: 10    Spells: 0 memorised, 3 levels left

rFire  . . .     SeeInvis .     a - +0 war axe
rCold  . . .     Gourm    .     b - +0 scale mail
rNeg   . . .     Faith    .     c - +0 shield
rPois  .         Spirit   .     (no helmet)
rElec  .         Dismiss  .     (no cloak)
rCorr  .         Reflect  .     (no gloves)
SustAt .         Harm     .     (no boots)
MR     .....                    (no amulet)
Stlth  ..........               (no ring)
                                (no ring)

@: not resistant to hostile enchantments, extremely unstealthy
A: no striking features
a: no special abilities


You were on level 2 of the Dungeon.
You were not hungry.

You visited 1 branch of the dungeon, and saw 2 of its levels.

You collected 54 gold pieces.

Inventory:

Hand Weapons
 a - a +0 war axe (weapon)
Armour
 b - a +0 scale mail (worn)
 c - a +0 shield (worn)
Wands
 q - a wand of flame (20/48)
Scrolls
 g - 2 scrolls of teleportation
 j - a scroll of fear {unknown}
 n - a scroll of amnesia {unknown}
 o - a scroll of identify {unknown}
Potions
 d - a potion of might
 m - a potion of curing
 p - a potion of degeneration {unknown}
Comestibles
 f - a bread ration
 h - a beef jerky
 k - 7 chunks of flesh
 l - a meat ration


   Skills:
 - Level 3.6 Fighting
 + Level 5.7 Axes
 - Level 3.2 Armour
 - Level 3.2 Shields


You had 3 spell levels left.
You didn't know any spells.

Dungeon Overview and Level Annotations

Branches:
Dungeon (2/15)

Altars:
Ru


Message History

You feel blessed for a moment.
It was a scroll of remove curse.
* * * LOW HITPOINT WARNING * * *
You feel sick.
It was a potion of curing.
You feel better.
You start resting.
Eating one of 5 chunks of flesh.
You start eating one of the 5 chunks of flesh.
You continue eating.
Your surroundings suddenly seem different.
You continue eating.
You finish eating.
This raw flesh tastes terrible.
k - 6 chunks of flesh (gained 2)
Things that are here:
a club; a hobgoblin skeleton
k - 7 chunks of flesh (gained 1)
You see here a rat skeleton.
Welcome back, Jmtri7 the Hill Orc Fighter.
Press ? for a list of commands and other information.
Welcome back, Jmtri7 the Hill Orc Fighter.
Press ? for a list of commands and other information.
Are you sure you want to abandon this character and quit the game? (Confirm with "yes".)

...............##.##.####.
#######.######.......#.##.
..≈≈≈..#.## ####.###...#.
.≈...≈..#.## #.........
.≈._.≈...#.# #####...#.
.≈...≈..#.## ##.###
..≈≈≈..#.##### #.###
#######.##...# #.#..
.........@.# #.#.#
########)#....# #....
#.##...... ###.# #..
.....# #[# #.## ..^.. #.#
#.# ..... #.. ... .... ###
#.# #..# # ##. ######


There were no monsters in sight!

Vanquished Creatures
  3 adders (D:2)
  An ooze (D:1)
  A worm (D:2)
  A dart slug (D:1)
  A bat (D:2)
  3 giant cockroaches
  2 goblins
  6 hobgoblins
  A quokka (D:2)
  A ball python (D:1)
  2 kobolds (D:2)
  10 rats
32 creatures vanquished.

Notes
Turn   | Place    | Note
-------+----------+-------------------------------------------
     0 | D:1      | Jmtri7 the Hill Orc Fighter began the quest for the Orb.
     0 | D:1      | Reached XP level 1. HP: 19/19 MP: 1/1
    15 | D:1      | Reached skill level 3 in Axes
   332 | D:1      | Reached XP level 2. HP: 26/26 MP: 2/2
   469 | D:1      | Reached skill level 4 in Axes
   809 | D:2      | Reached XP level 3. HP: 31/31 MP: 3/3
   945 | D:2      | Reached skill level 5 in Axes
  1025 | D:2      | Found a sacrificial altar of Ru.
  1048 | D:2      | Reached XP level 4. HP: 15/39 MP: 4/4
  1085 | D:2      | Quit the game

Vault maps used:
D:1:      lemuel_arrival_rhombus
D:2:      nicolae_ru_awakened_eye

Skill      XL: |  1  2  3 |
---------------+----------+-----
Axes           | 3 4 5 |  5.7
Fighting       | |  3.6
Armour         | |  3.2
Shields        | |  3.2

Action                   |  1- 3 |  4- 6 || total
-------------------------+-------+-------++-------
Melee: War axe           |    75 |       ||    75
  Use: Scroll            |       |     3 ||     3
       Potion            |       |     1 ||     1
  Eat: Chunk             |       |     1 ||     1
Armor: Scale mail        |    32 |       ||    32
Dodge: Dodged            |    22 |       ||    22
Block: Shield            |    33 |       ||    33
